AoeStats
← MattAtArms

Arabia

512243870Analyzed
1v1 RM · 8d ago on Oct 8, 2026· 24m 54s· 2 players
Game mode
Random Map
Map size
Tiny (2 player)
Population
200
Speed
Normal
Resources
Standard
Victory
Conquest
Starting age
Dark Age
Ending age
Imperial Age
RankedLock teamsTeams togetherTeam positionsShared explorationLock speedFull tech treeHidden civsTurbo modeCheats
Victory
Defeat
🇬🇧 Vikings · United Kingdom
1937
+20
vs
🇪🇨 Maya · Ecuador
2025
-20
MattAtArms
5:47 Loom
9:12 Feudal Age
9:17 Man-at-Arms
9:43 Double-Bit Axe
19:38 Castle Age
17:41 Fletching
17:57 Padded Archer Armor
17:53 Gold Mining
19:40 Crossbowman
20:17 Bodkin Arrow
20:33 Bow Saw
21:55 Horse Collar
23:19 Leather Archer Armor
24:24 Ballistics
Eärnur
0:27 Loom
10:16 Feudal Age
10:43 Man-at-Arms
11:56 Double-Bit Axe
14:29 Fletching
20:51 Castle Age
19:18 Gold Mining
21:31 Bodkin Arrow
21:11 Crossbowman
23:24 Ballistics
23:42 Padded Archer Armor
Connection lost

Rejoining the realm…

Still unreachable

The connection could not be restored.

Session expired

The server has moved on; the page needs a fresh start.